AoeStats
← Nefurious Weasel

Scandinavia

510645518Analyzed
1v1 RM · 1d ago on Oct 2, 2026· 25m 37s· 2 players
Game mode
Random Map
Map size
Tiny (2 player)
Population
200
Speed
Normal
Resources
Standard
Victory
Conquest
Starting age
Dark Age
Ending age
Imperial Age
RankedLock teamsTeams togetherTeam positionsShared explorationLock speedFull tech treeHidden civsTurbo modeCheats
Victory
Defeat
🇧🇷 Koreans · Brazil
721
+15
🇺🇸 Teutons · United States
700
-35
Nefurious Weasel
9:14 Loom
12:34 Feudal Age
13:19 Horse Collar
16:06 Double-Bit Axe
21:33 Wheelbarrow
20:54 Gold Mining
20:55 Stone Mining
21:03 Stone Mining
24:36 Castle Age
23:26 Fletching
23:50 Scale Barding Armor
23:57 Forging
24:01 Scale Mail Armor
Armstrong
2:31 Loom
11:54 Feudal Age
14:16 Double-Bit Axe
20:39 Castle Age
19:10 Fishing Lines
19:37 Stone Mining
20:05 Horse Collar
22:35 Forging
23:21 Scale Barding Armor
25:34 Iron Casting
Connection lost

Rejoining the realm…

Still unreachable

The connection could not be restored.

Session expired

The server has moved on; the page needs a fresh start.